 Dungeon Crawl Stone Soup version 0.22-a0-618-gd6a3efe (webtiles) character file.

30200 twist the Thaumaturge (level 13, -8/108 HPs)
             Began as a Gnoll Skald on July 13, 2018.
             Was a High Priest of Ru.
             Mangled by a 14-headed hydra (9 damage)
             ... on level 6 of the Lair of Beasts.
             The game lasted 00:53:27 (17480 turns).

twist the Thaumaturge (Gnoll Skald)                Turns: 17480, Time: 00:53:27

Health: -8/108     AC:  8    Str: 18    XL:     13   Next: 50%
Magic:  0/25       EV: 19    Int: 17    God:    Ru [*****.]
Gold:   266        SH:  4    Dex: 21    Spells: 9/29 levels left

rFire    + . .     SeeInvis .   H - +2 war axe (elec)
rCold    . . .     Gourm    .   (no shield)
rNeg     . . .     Faith    .   J - +1 leather armour of Calculation {rF+ rC- Str+4 Dex+3}
rPois    .         Spirit   +   r - +1 helmet
rElec    .         Reflect  .   e - scarf {repulsion}
rCorr    .         Harm     .   (no gloves)
MR       .....                  U - +0 pair of boots
Stlth    ++++......             m - amulet of guardian spirit
HPRegen  0.28/turn              E - ring of protection from cold
MPRegen  0.19/turn              F - ring of wizardry

@: repel missiles
A: distributed training, fangs 1, talons 1, large bone plates 1, robust 1, magic
vulnerability 1, unskilled 1, inexperienced 1, strong nose
a: Draw Out Power, Power Leap, Apocalypse, Renounce Religion


You were on level 6 of the Lair of Beasts.
You worshipped Ru.
Ru was extremely pleased with you.
You were not hungry.

You visited 2 branches of the dungeon, and saw 15 of its levels.
You also visited: Sewer.

You collected 794 gold pieces.
You spent 528 gold pieces at shops.

Inventory:

Hand Weapons
 s - a +2 battleaxe
 w - a +2 war axe of chopping
 y - a +0 blowgun
 D - a +0 flail of holy wrath
 H - a +2 war axe of electrocution (weapon)
 I - a +0 dire flail
Missiles
 z - 49 poisoned needles
 G - 2 needles of sleeping
 O - 9 curare-tipped needles
Armour
 e - a scarf of repulsion (worn)
 i - a +0 scale mail of poison resistance
 r - a +1 helmet (worn)
 v - the +2 leather armour "Jefeat" {Str+2 Int+2}
   (You found it on level 4 of the Dungeon)

   It affects your strength (+2).
   It affects your intelligence (+2).
 C - the +5 shield "Asetsero" {Str+7 Dex+2}
   (You acquired it on level 8 of the Dungeon)

   It affects your strength (+7).
   It affects your dexterity (+2).
 J - the +1 leather armour of Calculation (worn) {rF+ rC- Str+4 Dex+3}
   (You bought it in a shop on level 8 of the Dungeon)

   It affects your strength (+4).
   It affects your dexterity (+3).
   It protects you from fire.
   It makes you vulnerable to cold.
 U - a +0 pair of boots (worn)
Jewellery
 a - an uncursed ring of fire
 m - an amulet of guardian spirit (around neck)
 t - an uncursed amulet of regeneration
 u - an uncursed ring of protection from cold
 E - a ring of protection from cold (left hand)
 F - a ring of wizardry (right hand)
 K - an uncursed ring of stealth
 Q - an uncursed amulet of faith
 W - an uncursed ring of protection from fire {unknown}
Wands
 N - a wand of random effects (49)
 X - a wand of flame (20)
 Y - a wand of clouds (2)
Scrolls
 b - 2 scrolls of amnesia
 g - 6 scrolls of remove curse
 j - 3 scrolls of magic mapping
 q - 2 scrolls of blinking
 x - 6 scrolls of teleportation
 B - 2 scrolls of fear
 P - a scroll of fog
 T - a scroll of summoning
 V - a scroll of silence
Potions
 c - 4 potions of resistance
 f - 6 potions of heal wounds
 h - a potion of magic
 k - 2 potions of haste
 n - 2 potions of curing
 o - 4 potions of lignification
 p - 2 potions of ambrosia
 A - 2 potions of flight
 L - a potion of brilliance
 R - 2 potions of cancellation
 S - a potion of berserk rage
Miscellaneous
 Z - a phial of floods
Comestibles
 d - 20 rations
 l - 5 chunks of flesh


   Skills:
 + Level 8.7 Fighting
 + Level 7.5 Short Blades
 + Level 7.5 Long Blades
 + Level 8.7 Axes
 + Level 7.5 Maces & Flails
 + Level 7.5 Polearms
 + Level 7.5 Staves
 + Level 7.5 Slings
 + Level 7.5 Bows
 + Level 7.5 Crossbows
 + Level 7.5 Throwing
 + Level 8.0 Armour
 + Level 8.7 Dodging
 + Level 7.5 Stealth
 + Level 7.5 Shields
 + Level 7.5 Unarmed Combat
 + Level 8.9 Spellcasting
 + Level 6.3 Conjurations
 + Level 6.3 Hexes
 + Level 8.1 Charms
 + Level 6.3 Summonings
 + Level 6.3 Necromancy
 + Level 6.3 Translocations
 + Level 6.3 Transmutations
 + Level 6.3 Fire Magic
 + Level 6.3 Ice Magic
 + Level 6.3 Air Magic
 + Level 6.3 Earth Magic
 + Level 6.3 Poison Magic
 + Level 8.3 Invocations
 + Level 7.5 Evocations


You had 9 spell levels left.
You knew the following spells:

 Your Spells              Type           Power        Failure   Level  Hunger
a - Infusion              Chrm           ####         1%          1    None
b - Shroud of Golubria    Chrm/Tloc      ####......   1%          2    None
c - Song of Slaying       Chrm           #####...     1%          2    None
d - Regeneration          Chrm/Necr      ####......   1%          3    None
e - Spectral Weapon       Hex/Chrm       ####....     1%          3    None
f - Animate Skeleton      Necr           N/A          1%          1    None
g - Vampiric Draining     Necr           ####......   1%          3    None
h - Blade Hands           Tmut           ####......   9%          5    #####..

Your spell library contained the following spells:

 Spells                   Type           Power        Failure   Level  Hunger
 Apportation              Tloc           ####..       1%          1    None
 Summon Small Mammal      Summ           ####         1%          1    None
 Animate Dead             Necr           N/A          3%          4    ###....
 Pain                     Necr           ####         1%          1    None
 Spider Form              Tmut/Pois      ####......   1%          3    None
 Ice Form                 Ice/Tmut       ####....     3%          4    ###....
 Confusing Touch          Hex            ####..       1%          1    None
 Sticks to Snakes         Tmut           ####....     1%          2    None
 Beastly Appendage        Tmut           ####..       1%          1    None


Dungeon Overview and Level Annotations

Branches:
Dungeon (9/15)             Temple (0/1) D:6            Lair (6/6) D:9
  Swamp (0/4) Lair:3        Snake (0/4) Lair:4        Slime (0/5) Lair:5
    Orc: D:9-12

Altars:
Ashenzari
Cheibriados
Elyvilon
Fedhas
Gozag
Makhleb
Nemelex Xobeh
Okawaru
Ru
Sif Muna
Vehumet
Wu Jian
Xom
Yredelemnul
Zin
Jiyva

Shops:
D:4 }((}%   D:8 [(*   D:9 }}*?

Annotations:
D:8 2 transporters
Lair:4 exclusion: 2 hydras
Lair:6 1 runed door


Innate Abilities, Weirdness & Mutations

Your experience applies equally to all skills.
You have very sharp teeth.
You are slightly vulnerable to magic. (MR-)
You are somewhat unskilled. (-1 Apt)
You are somewhat inexperienced. (-2 XL)
Your uncanny sense of smell can sniff out nearby items.
You have sharp toenails.
You are partially covered in large bone plates. (SH +4)
You are robust. (+10% HP)


Message History

The 11-headed hydra grows two more!
You slash the 13-headed hydra!
Lightning courses through the 13-headed hydra!
The 13-headed hydra is heavily wounded.
Your spectral weapon hits the 13-headed hydra!
Your spectral weapon lops one of the 13-headed hydra's heads off!
The 12-headed hydra grows two more!
The 14-headed hydra closely misses you.
The 14-headed hydra completely misses you.
The 14-headed hydra misses you. The 14-headed hydra bites you!
The 14-headed hydra bites you.
* * * LOW HITPOINT WARNING * * *
The 14-headed hydra barely misses you. The 14-headed hydra bites you!
* * * LOW HITPOINT WARNING * * *
The 14-headed hydra bites you!
* * * LOW HITPOINT WARNING * * *
The 14-headed hydra misses you.
The 14-headed hydra completely misses you.
The 14-headed hydra bites you. The 14-headed hydra bites you!
* * * LOW HITPOINT WARNING * * *
The 14-headed hydra bites you!
You die...

..............##......###........
.##.#..P..##......_..............
.####(D###............#.#........
Z.# ##.# ###.........#####.......
..# #..# ##..##.....# #.......P
Z#####D#####..####...#####......P
..##.P..##.###.##P......#.......P
......P...###.8D###..............
..#.##P.###....(@.##.##.##......#
.#####..#.....8....########.##.##
.. #.##...#.##....## ### ..# ..
#..#....## ###...# .P# ..
###...########....# ∆ # . .
##....#.#%....#......
..+....................
...8.....8..<..8.....8#
......D.....D...(..$..


You could see a 14-headed hydra and a friendly spectral war axe of
electrocution.

Vanquished Creatures
  2 hydras
  A catoblepas (Lair:3)
  A two-headed ogre (D:8)
  A death yak (Lair:5)
  Urug (Lair:2)
  Pikel (D:8)
  6 elephants
  Psyche (D:8)
  5 black mambas
  A torpor snail (Lair:6)
  A gargoyle (D:8)
  A centaur skeleton (D:9)
  A rime drake (Lair:3)
  10 spiny frogs
  6 komodo dragons
  3 meliai (Lair:5)
  A polar bear (Lair:4)
  8 blink frogs
  6 dream sheep
  7 hippogriffs
  A wyvern (Lair:3)
  A basilisk (Lair:4)
  13 yaks
  Grum (D:9)
  Menkaure (D:7)
  6 water moccasins
  6 porcupines
  3 orc warriors
  A slave (D:8)
  2 ice beasts
  A phantom (D:8)
  5 ogres
  23 wolves
  2 centaurs
  11 crocodiles
  2 big kobolds (Sewer)
  15 bullfrogs
  A gnoll sergeant (D:9)
  3 scorpions
  19 killer bees (Lair:5)
  8 wights
  2 howler monkeys (D:9)
  2 lava snakes (Lair:2)
  4 crimson imps
  A bullfrog zombie (D:8)
  A centaur zombie (D:9)
  3 orc priests
  2 hounds
  A jelly (D:7)
  15 orc wizards
  2 bullfrog skeletons
  2 iguanas
  8 worker ants
  2 howler monkey zombies
  3 worker ant zombies
  Robin (D:2)
  14 adders
  4 gnolls (D:9)
  2 river rats
  4 shadow imps
  An ooze (D:4)
  9 worms
  4 dart slugs
  6 leopard geckos
  51 orcs
  7 bats
  3 giant cockroaches
  16 goblins
  7 hobgoblins
  11 jackals
  9 quokkas
  5 ball pythons
  6 frilled lizards
  2 jackal skeletons (D:4)
  13 kobolds
  A leopard gecko skeleton (D:4)
  A quokka zombie (D:5)
  7 rats
  4 fungi
  A plant (Lair:5)
426 creatures vanquished.

Vanquished Creatures (collateral kills)
  2 hydras (Lair:6)
  A lindwurm (Lair:6)
  2 elephants
  A hornet (Lair:6)
  3 blink frogs
  2 basilisks (Lair:6)
  A water moccasin (Lair:6)
  2 wolves
  A crocodile (Lair:6)
  A bullfrog (Lair:3)
  2 adders (Lair:4)
  A fungus (Lair:4)
  3 plants
22 creatures vanquished.

Vanquished Creatures (others)
  A hydra (Lair:5)
  2 black mambas
  A queen bee (Lair:5)
  A hornet (Lair:6)
  A yak (Lair:2)
  3 slaves (D:8)
  A killer bee (Lair:5)
  A crimson imp (D:8)
  An orc wizard (D:4)
  An orc (D:6)
  26 fungi
  39 plants
  7 spectral weapons
85 creatures vanquished.

Grand Total: 533 creatures vanquished

Notes
Turn   | Place    | Note
-------+----------+-------------------------------------------
     0 | D:1      | twist the Gnoll Skald began the quest for the Orb.
     0 | D:1      | Reached XP level 1. HP: 20/20 MP: 6/6
    67 | D:1      | Reached XP level 2. HP: 26/26 MP: 7/7
   390 | D:1      | Reached XP level 3. HP: 31/31 MP: 9/9
   399 | D:1      | Reached skill level 5 in Spellcasting
   840 | D:2      | Reached skill level 1 in Invocations
  1038 | D:2      | Reached skill level 1 in Short Blades
  1038 | D:2      | Reached skill level 1 in Long Blades
  1038 | D:2      | Reached skill level 1 in Maces & Flails
  1038 | D:2      | Reached skill level 1 in Polearms
  1038 | D:2      | Reached skill level 1 in Staves
  1038 | D:2      | Reached skill level 1 in Slings
  1038 | D:2      | Reached skill level 1 in Bows
  1038 | D:2      | Reached skill level 1 in Crossbows
  1038 | D:2      | Reached skill level 1 in Throwing
  1038 | D:2      | Reached skill level 1 in Stealth
  1038 | D:2      | Reached skill level 1 in Shields
  1038 | D:2      | Reached skill level 1 in Unarmed Combat
  1038 | D:2      | Reached skill level 1 in Evocations
  1327 | D:2      | Reached XP level 4. HP: 37/38 MP: 8/11
  1330 | D:2      | Noticed Robin
  1340 | D:2      | Killed Robin
  1345 | D:2      | Learned a level 2 spell: Shroud of Golubria
  1348 | D:2      | Learned a level 2 spell: Song of Slaying
  1352 | D:2      | Learned a level 3 spell: Regeneration
  1356 | D:2      | Learned a level 3 spell: Spectral Weapon
  1828 | D:3      | Found a basalt altar of Yredelemnul.
  2080 | D:3      | Found a snail-covered altar of Cheibriados.
  2138 | D:3      | Reached skill level 1 in Conjurations
  2138 | D:3      | Reached skill level 1 in Hexes
  2138 | D:3      | Reached skill level 1 in Summonings
  2138 | D:3      | Reached skill level 1 in Necromancy
  2138 | D:3      | Reached skill level 1 in Translocations
  2138 | D:3      | Reached skill level 1 in Transmutations
  2138 | D:3      | Reached skill level 1 in Fire Magic
  2138 | D:3      | Reached skill level 1 in Ice Magic
  2138 | D:3      | Reached skill level 1 in Air Magic
  2138 | D:3      | Reached skill level 1 in Earth Magic
  2138 | D:3      | Reached skill level 1 in Poison Magic
  2147 | D:3      | Reached XP level 5. HP: 32/43 MP: 4/12
  2287 | D:3      | Reached XP level 6. HP: 22/50 MP: 3/13
  2783 | D:4      | Found Qoxepof's Gadget Boutique.
  2930 | D:4      | Got an amber-encrusted leather armour
  2941 | D:4      | Identified the +2 leather armour "Jefeat" {Str+2 Int+2} (You found it on level 4 of the Dungeon)
  3037 | D:4      | Found Vecar's Gadget Boutique.
  3048 | D:4      | Found Dipt's Food Shoppe.
  3152 | D:4      | Reached skill level 5 in Fighting
  3152 | D:4      | Reached skill level 5 in Axes
  3152 | D:4      | Reached skill level 5 in Dodging
  3518 | D:4      | Found Peeduf's Antique Weapon Shoppe.
  3584 | D:4      | Bought a runed war axe for 143 gold pieces
  3663 | D:4      | Found Xest's Weapon Emporium.
  3815 | D:4      | Reached XP level 7. HP: 35/56 MP: 7/15
  4046 | D:4      | Found a sacrificial altar of Ru.
  4053 | D:4      | Became a worshipper of Ru the Awakened
  4092 | D:4      | Found a burning altar of Makhleb.
  4340 | D:4      | Found a glowing silver altar of Zin.
  4345 | D:4      | Found a white marble altar of Elyvilon.
  4346 | D:4      | Found a blossoming altar of Fedhas.
  4347 | D:4      | Found a radiant altar of Vehumet.
  4442 | D:5      | Entered Level 5 of the Dungeon
  4478 | D:5      | Found a glowing drain.
  4505 | Sewer    | Entered a sewer
  4919 | Sewer    | Gained mutation: You are partially covered in large bone plates. (SH +4) [potion of mutation]
  4919 | Sewer    | Gained mutation: You are robust. (+10% HP) [potion of mutation]
  4919 | Sewer    | Gained mutation: You have sharp toenails. [potion of mutation]
  5043 | D:5      | Gained mutation: You are somewhat unskilled. (-1 Apt) [Ru sacrifice]
  5043 | D:5      | Reached * piety under Ru
  5043 | D:5      | Reached ** piety under Ru
  5153 | D:5      | Found an iron altar of Okawaru.
  5162 | D:5      | Reached skill level 5 in Fighting
  5162 | D:5      | Reached skill level 5 in Axes
  5162 | D:5      | Reached skill level 5 in Dodging
  5162 | D:5      | Reached XP level 8. HP: 62/68 MP: 10/15
  5793 | D:6      | Found a shattered altar of Ashenzari.
  5898 | D:6      | Learned a level 1 spell: Animate Skeleton
  6014 | D:6      | Found a shimmering altar of Xom.
  6182 | D:6      | Reached XP level 9. HP: 73/74 MP: 15/17
  6618 | D:6      | Found a staircase to the Ecumenical Temple.
  6763 | D:6      | Found a deep blue altar of Sif Muna.
  7069 | D:7      | Found a sparkling altar of Nemelex Xobeh.
  7139 | D:7      | Gained mutation: You are somewhat inexperienced. (-2 XL) [Ru sacrifice]
  7139 | D:7      | Reached XP level 8. HP: 69/69 MP: 16/16
  7139 | D:7      | Reached XP level 7. HP: 61/61 MP: 15/15
  7139 | D:7      | Reached *** piety under Ru
  7139 | D:7      | Reached **** piety under Ru
  7435 | D:7      | Found a deep blue altar of Sif Muna.
  7700 | D:7      | Reached XP level 8. HP: 55/70 MP: 13/17
  7891 | D:7      | Noticed Menkaure
  8120 | D:7      | Killed Menkaure
  8591 | D:8      | Noticed Psyche
  8601 | D:8      | Killed Psyche
  8699 | D:8      | Reached XP level 9. HP: 74/75 MP: 18/18
  8705 | D:8      | Noticed Pikel
  8709 | D:8      | Noticed a two-headed ogre
  8712 | D:8      | Killed Pikel
  8712 | D:8      | Reached skill level 5 in Armour
  8716 | D:8      | Killed a two-headed ogre
  8716 | D:8      | Reached skill level 5 in Invocations
  8893 | D:8      | Found a transporter.
  8915 | D:8      | Found an ornate altar of the Wu Jian Council.
  8969 | D:8      | Found a transporter.
  9112 | D:8      | Found Adisoova's Weapon Shop.
  9182 | D:8      | Found Rebryl's General Store.
  9454 | D:8      | Found Wete's Antique Armour Boutique.
  9474 | D:8      | Bought an ancient leather armour for 175 gold pieces
  9477 | D:8      | Identified a scroll of acquirement
  9478 | D:8      | Got a slimy shield
  9484 | D:8      | Identified the +5 shield "Asetsero" {Str+7 Dex+2} (You acquired it on level 8 of the Dungeon)
  9494 | D:8      | Identified the +1 leather armour of Calculation {rF+ rC- Str+4 Dex+3} (You bought it in a shop on level 8 of the Dungeon)
  9515 | D:8      | Noticed a gargoyle
  9548 | D:8      | Killed a gargoyle
  9641 | D:8      | Reached XP level 10. HP: 84/84 MP: 20/20
  9906 | D:9      | Found Zeqa's Gadget Shop.
  9920 | D:9      | Found Inkoig's Gadget Boutique.
  9920 | D:9      | Found a staircase to the Lair.
  9943 | D:9      | Learned a level 3 spell: Vampiric Draining
  9954 | D:9      | Gained mutation: You are slightly vulnerable to magic. (MR-) [Ru sacrifice]
  9954 | D:9      | Reached ***** piety under Ru
 10057 | D:9      | Found Diongin's General Store.
 10101 | D:9      | Found an opulent altar of Gozag.
 10124 | D:9      | Found Muell's Magic Scroll Shop.
 10127 | D:9      | Bought a scroll of enchant weapon for 105 gold pieces
 10127 | D:9      | Bought a scroll of enchant weapon for 105 gold pieces
 10196 | D:9      | Reached skill level 5 in Short Blades
 10196 | D:9      | Reached skill level 5 in Long Blades
 10196 | D:9      | Reached skill level 5 in Maces & Flails
 10196 | D:9      | Reached skill level 5 in Polearms
 10196 | D:9      | Reached skill level 5 in Staves
 10196 | D:9      | Reached skill level 5 in Slings
 10196 | D:9      | Reached skill level 5 in Bows
 10196 | D:9      | Reached skill level 5 in Crossbows
 10196 | D:9      | Reached skill level 5 in Throwing
 10196 | D:9      | Reached skill level 5 in Stealth
 10196 | D:9      | Reached skill level 5 in Shields
 10196 | D:9      | Reached skill level 5 in Unarmed Combat
 10196 | D:9      | Reached skill level 5 in Evocations
 10263 | D:9      | Noticed Grum
 10292 | D:9      | Killed Grum
 10583 | Lair:1   | Entered Level 1 of the Lair of Beasts
 10670 | Lair:1   | Noticed a spiny frog
 10678 | Lair:1   | Killed a spiny frog
 10732 | Lair:1   | Noticed a spiny frog
 10732 | Lair:1   | Noticed a spiny frog
 10769 | Lair:1   | Killed a spiny frog
 10868 | Lair:1   | Noticed a black mamba
 10877 | Lair:1   | Killed a black mamba
 11269 | Lair:1   | Killed a spiny frog
 11467 | Lair:2   | Noticed Urug
 11537 | Lair:2   | Reached XP level 11. HP: 83/91 MP: 18/21
 12373 | Lair:2   | Killed Urug
 12691 | Lair:3   | Noticed a catoblepas
 12778 | Lair:3   | Killed a catoblepas
 12947 | Lair:3   | Reached skill level 5 in Conjurations
 12947 | Lair:3   | Reached skill level 5 in Hexes
 12947 | Lair:3   | Reached skill level 5 in Summonings
 12947 | Lair:3   | Reached skill level 5 in Necromancy
 12947 | Lair:3   | Reached skill level 5 in Translocations
 12947 | Lair:3   | Reached skill level 5 in Transmutations
 12947 | Lair:3   | Reached skill level 5 in Fire Magic
 12947 | Lair:3   | Reached skill level 5 in Ice Magic
 12947 | Lair:3   | Reached skill level 5 in Air Magic
 12947 | Lair:3   | Reached skill level 5 in Earth Magic
 12947 | Lair:3   | Reached skill level 5 in Poison Magic
 13041 | Lair:3   | Found a staircase to the Swamp.
 13379 | Lair:4   | Found a staircase to the Snake Pit.
 13551 | Lair:4   | Noticed an eight-headed hydra
 13644 | Lair:4   | Reached XP level 12. HP: 94/100 MP: 20/23
 14359 | Lair:4   | Noticed a five-headed hydra
 14432 | Lair:4   | Killed a five-headed hydra
 14837 | Lair:4   | Noticed an eight-headed hydra
 15140 | Lair:5   | Learned a level 5 spell: Blade Hands
 15402 | Lair:5   | Found a viscous altar of Jiyva.
 15402 | Lair:5   | Found a staircase to the Slime Pits.
 15496 | Lair:5   | Noticed a six-headed hydra
 15521 | Lair:5   | Killed a six-headed hydra
 16043 | Lair:5   | Reached XP level 13. HP: 82/108 MP: 19/25
 16302 | Lair:6   | Entered Level 6 of the Lair of Beasts
 16755 | Lair:6   | Found an iron altar of Okawaru.
 16979 | Lair:6   | Found a runed door.
 17403 | Lair:6   | Paralysed by a hornet for 2 turns
 17480 | Lair:6   | HP: 1/108 [14-headed hydra (9)]
 17480 | Lair:6   | Mangled by a 14-headed hydra

Vault maps used:
D:1:      dpeg_arrival_erosion, minmay_split_cup_small
D:2:      uniq_robin
D:3:      marbit_many_paths, lemuel_doored_altar, first_ration
D:4:      cheibrodos_old_hovel, kennysheep_mini, minitemple, lemuel_round_altar,
          serial_shops, nicolae_shop_crystal, shop, shop, shop,
          kennysheep_little_box, hangedman_minor_gate_pass
D:5:      old_standard_altar, cheibrodos_sewer_entry_sluice
D:6:      kennysheep_orc_sif_temple, nicolae_ashenzari_panopticon,
          minmay_temple_entry_poolview, basic_altar
D:7:      lemuel_blue_sif_altar, nemelex_xobeh_ov_fountains_minmay,
          uniq_menkaure
D:8:      gammafunk_cloud_chamber, lemuel_round_altar, serial_shops, shop, shop,
          nicolae_shop_statue_plus, uniq_pikel, uniq_psyche
D:9:      lemuel_round_altar, lair_entry_dummy, serial_shops,
          nicolae_shop_competitors_out_of_business, nicolae_shop_behind_doors,
          shop, shop, uniq_grum
Lair:2:   disabler_island, uniq_urug
Lair:3:   swamp_mist_pool, grunt_megastairs_3
Lair:4:   minmay_lair_venomous_thicket, dummy_snake_entry
Lair:5:   slime_altar_1
Lair:6:   wormcave, guppyfry_lair_end_dragon, basic_altar, minivault_27,
          grunt_megastairs_5, lemuel_fruit_fields
Sewer:    sewer_co_15_rooms

Skill      XL: |  1  2  3  4  5  6  7  8  9 10 11 12 13 |
---------------+----------------------------------------+-----
Spellcasting   | 5 6 7 8 |  8.9
Invocations    | 1 2 2 3 5 6 7 8 |  8.3
Short Blades   | 1 2 4 5 6 7 |  7.5
Long Blades    | 1 2 4 5 6 7 |  7.5
Maces & Flails | 1 2 4 5 6 7 |  7.5
Polearms       | 1 2 4 5 6 7 |  7.5
Staves         | 1 2 4 5 6 7 |  7.5
Slings         | 1 2 4 5 6 7 |  7.5
Bows           | 1 2 4 5 6 7 |  7.5
Crossbows      | 1 2 4 5 6 7 |  7.5
Throwing       | 1 2 4 5 6 7 |  7.5
Stealth        | 1 2 4 5 6 7 |  7.5
Shields        | 1 2 4 5 6 7 |  7.5
Unarmed Combat | 1 2 4 5 6 7 |  7.5
Evocations     | 1 2 4 5 6 7 |  7.5
Conjurations   | 1 3 4 5 6 |  6.3
Hexes          | 1 3 4 5 6 |  6.3
Summonings     | 1 3 4 5 6 |  6.3
Necromancy     | 1 3 4 5 6 |  6.3
Translocations | 1 3 4 5 6 |  6.3
Transmutations | 1 3 4 5 6 |  6.3
Fire Magic     | 1 3 4 5 6 |  6.3
Ice Magic      | 1 3 4 5 6 |  6.3
Air Magic      | 1 3 4 5 6 |  6.3
Earth Magic    | 1 3 4 5 6 |  6.3
Poison Magic   | 1 3 4 5 6 |  6.3
Armour         | 3 4 5 6 7 8 |  8.0
Fighting       | 5 5 6 7 8 |  8.7
Axes           | 5 5 6 7 8 |  8.7
Dodging        | 5 5 6 7 8 |  8.7
Charms         | 6 7 8 |  8.1

Action                   |  1- 3 |  4- 6 |  7- 9 | 10-12 | 13-15 || total
-------------------------+-------+-------+-------+-------+-------++-------
Melee: Hand axe          |   129 |   137 |       |       |       ||   266
       Bite              |    15 |    15 |    33 |    85 |    27 ||   175
       War axe           |       |    23 |   392 |   456 |   156 ||  1027
       Kick              |       |       |    95 |   214 |       ||   309
       Punch             |       |       |     7 |     2 |     3 ||    12
       Dire flail        |       |       |       |    24 |    13 ||    37
       Flail             |       |       |       |     5 |       ||     5
 Cast: Infusion          |    11 |    18 |     7 |       |       ||    36
       Spectral Weapon   |       |     2 |     9 |    14 |     6 ||    31
       Song of Slaying   |       |       |     5 |     1 |       ||     6
       Regeneration      |       |       |     1 |     2 |       ||     3
       Shroud of Golubri |       |       |     1 |     6 |       ||     7
       Animate Skeleton  |       |       |     2 |    32 |    18 ||    52
Invok: Sacrifice Experie |       |       |     1 |       |       ||     1
       Sacrifice Skill   |       |       |     1 |       |       ||     1
       Sacrifice Essence |       |       |       |     1 |       ||     1
       Reject Sacrifices |       |       |       |     1 |       ||     1
       Apocalypse        |       |       |       |     1 |       ||     1
       Draw Out Power    |       |       |       |       |     1 ||     1
  Use: Scroll            |       |    13 |     9 |    11 |     1 ||    34
       Potion            |       |       |     7 |     3 |     1 ||    11
 Stab: Sleeping          |     1 |     1 |     6 |    12 |     1 ||    21
       Distracted        |       |     1 |     4 |    10 |     4 ||    19
       Invisible         |       |       |     4 |     8 |     4 ||    16
       Paralysed         |       |       |       |     1 |       ||     1
  Eat: Chunk             |     1 |     8 |    13 |    15 |     5 ||    42
       Ration            |       |       |     2 |     2 |       ||     4
Armor: Leather armour    |    13 |    33 |    82 |    45 |    19 ||   192
       Scale mail        |    19 |     1 |       |       |       ||    20
Dodge: Dodged            |    93 |   124 |   235 |   209 |   146 ||   807
       Deflected         |     2 |     3 |     5 |       |       ||    10
Block: Other             |       |       |    37 |    19 |    15 ||    71
       Shield            |       |       |     4 |   376 |    87 ||   467

Table legend:
 A = Spawn XP
 B = Non-spawn XP
 C = Spawn XP percentage of total XP
 D = Spawn monster count
 E = Non-spawn monster count
 F = Spawn count percentage of total count
 G = Total turns spent on level
                    A         B        C        D         E        F      G
               +---------+---------+-------+---------+---------+-------+---------
         Total |       0 |   45284 |   0.0 |       0 |     446 |   0.0 | 17480
               +---------+---------+-------+---------+---------+-------+---------
           D:1 |       0 |      55 |   0.0 |       0 |      30 |   0.0 |   828
           D:2 |       0 |      53 |   0.0 |       0 |      18 |   0.0 |   902
           D:3 |       0 |     225 |   0.0 |       0 |      22 |   0.0 |  1053
           D:4 |       0 |     478 |   0.0 |       0 |      34 |   0.0 |  1659
           D:5 |       0 |     597 |   0.0 |       0 |      20 |   0.0 |   834
           D:6 |       0 |     922 |   0.0 |       0 |      28 |   0.0 |  1102
           D:7 |       0 |    1237 |   0.0 |       0 |      32 |   0.0 |  1729
           D:8 |       0 |    2939 |   0.0 |       0 |      28 |   0.0 |  1206
           D:9 |       0 |    2007 |   0.0 |       0 |      34 |   0.0 |   825
        Lair:1 |       0 |    2259 |   0.0 |       0 |       9 |   0.0 |   834
        Lair:2 |       0 |    3032 |   0.0 |       0 |      16 |   0.0 |  1143
        Lair:3 |       0 |    3871 |   0.0 |       0 |      15 |   0.0 |   819
        Lair:4 |       0 |   10587 |   0.0 |       0 |      55 |   0.0 |  1647
        Lair:5 |       0 |    6949 |   0.0 |       0 |      41 |   0.0 |  1436
        Lair:6 |       0 |    9781 |   0.0 |       0 |      41 |   0.0 |  1018
         Sewer |       0 |     292 |   0.0 |       0 |      23 |   0.0 |   445
               +---------+---------+-------+---------+---------+-------+---------
